 Dungeon Crawl Stone Soup version 0.31-a0-276-ge00219d475 (webtiles) character file.

Game seed: 320790314516395329

1761 AIAndy the Gouger (level 8, -6/33 HPs)
             Began as a Felid Shapeshifter on July 15, 2023.
             Was a Follower of Ru.
             Mangled by a gnoll sergeant
             ... wielding a +0 glaive
              (11 damage)
             ... in a bailey.
             The game lasted 00:22:13 (6527 turns).

AIAndy the Gouger (Felid Shapeshifter)              Turns: 6527, Time: 00:22:13

Health: -6/33      AC:  6    Str: 15    XL:     8   Next: 79%
Magic:  7/7        EV: 18    Int: 10    God:    Ru [*.....]
Gold:   442        SH:  5    Dex: 16    Spells: 7/7 levels left
                                        Lives:  0   Deaths: 2

rFire   . .          .
                       - Unarmed
rCold   . . .        (shield unavailable)
rNeg    . . .        (body armour unavailable)
rPois   +            (helmet unavailable)
rElec   .            (cloak unavailable)
rCorr   .            (gloves unavailable)
SInv    +            (boots unavailable)
Will    +....        k - amulet of reflection Stlth
                     O - +4 ring of protection
HPRegen 0.25/turn    P - ring of poison resistance
MPRegen 0.10/turn

%: reflection
@: beast-form, quick
A: beast (slay +6), very small, claws 1, fangs 3, see invisible, speed 1, shaggy
fur 2, no stealth, stealthy paws, missing an eye, no weapons or thrown items, no
armour, multi-lived, low MP 2
a: Begin Untransformation, Renounce Religion


You were in a bailey.
You worshipped Ru.
Ru was aware of your devotion.
You were a hulking beast.
You visited 1 branch of the dungeon, and saw 8 of its levels.
You also visited: Bailey.

You collected 442 gold pieces.


Innate Abilities, Weirdness & Mutations

You are a hulking beast.
Your limbs bulge with bestial killing power. (Slay +6)
You have sharp claws.
You have razor-sharp teeth.
You have supernaturally acute eyesight. (SInv)
You cover ground quickly. (Speed+)
You are covered in thick fur. (AC +2)
You cannot be stealthy.
Your paws help you pounce on unaware monsters.
You are missing an eye, making it more difficult to aim.
You are incapable of wielding weapons or throwing items.
You cannot wear armour.
You gain extra lives every three experience levels.
Your magical capacity is very low. (-20% MP)


   Skills:
 - Level 2.0 Fighting
 - Level 4.2 Dodging
 + Level 10.2 Unarmed Combat
 + Level 9.8 Shapeshifting


You had 7 spell levels left.
You didn't know any spells.
Your spell library contained the following spells:

 Spells                   Type           Power      Damage    Failure   Level
 Shock                    Conj/Air       0%         1d3       36%         1
 Slow                     Hex            0%         N/A       36%         1
 Summon Small Mammal      Summ           0%         N/A       36%         1
 Blink                    Tloc           0%         N/A       50%         2
 Cigotuvi's Dreadful Rot  Necr/Pois/Air  0%         N/A       50%         2
 Lesser Beckoning         Tloc           0%         N/A       50%         2
 Momentum Strike          Conj/Tloc      0%         3d8       50%         2
 Call Canine Familiar     Summ           0%         N/A       75%         3
 Confusing Touch          Hex            0%         N/A       75%         3
 Summon Guardian Golem    Hex/Summ       0%         N/A       75%         3
 Swiftness                Air            0%         N/A       75%         3
 Vampiric Draining        Necr           0%         2d6       75%         3
 Airstrike                Air            0%         2d(0-16)  98%         4
 Dispel Undead            Necr           0%         3d6       98%         4
 Fireball                 Conj/Fire      0%         3d3       100%        5
 Iskenderun's Battlesphe  Conj           0%         2d6       100%        5
 Conjure Ball Lightning   Conj/Air       0%         3x3d6     100%        6
 Death Channel            Necr           0%         N/A       100%        6
 Orb of Destruction       Conj           0%         9d5       100%        7

Inventory:

Jewellery
 k - an amulet of reflection (around neck)
 n - an amulet of magic regeneration
 H - an amulet of faith {!P}
 O - a +4 ring of protection (left paw)
 P - a ring of poison resistance (right paw)
Talismans
 b - a beast talisman
Wands
 o - a wand of iceblast (5)
 u - a wand of flame (11)
Scrolls
 d - 2 scrolls of silence {unknown}
 e - a scroll of noise {!r}
 f - 3 scrolls of teleportation {@r4}
 j - a scroll of fog {unknown}
 l - a scroll of poison {unknown}
 p - a scroll of enchant weapon {unknown}
 q - a scroll of fear {unknown}
 r - a scroll of revelation
 s - a scroll of amnesia
 w - a scroll of immolation {unknown}
 y - a scroll of enchant armour {unknown}
Potions
 a - a potion of lignification {!q}
 c - 4 potions of curing {@q1}
 g - 2 potions of berserk rage {!q}
 h - a potion of attraction {unknown}
 m - 2 potions of might
 v - 2 potions of magic {unknown}
 x - a potion of cancellation {unknown}

Dungeon Overview and Level Annotations

Branches:
Dungeon (8/15)             Temple (0/1) D:5          Bailey (1/1)
   Lair: D:8-11

Altars:
Okawaru
Qazlal
Ru
Uskayaw

Shops:
D:8 ( ▒▒+▒▒ ▒▒...▒▒ ▒▒.....▒▒ ▒.......▒ ▒..g8$..▒ ▒.......▒ ▒.gggg▒

▒.).▒ ▒▒h▒▒
▒...▒ ▒...▒
▒...▒
.▒▒▒▒▒▒')'▒▒▒▒▒▒
................
≈.......).......
≈≈≈≈≈≈≈††.≈≈≈≈≈≈
♣.......†.......


You could see 2 gnoll sergeants, a gnoll bouda and 2 gnolls.


Message History

Items here: ( ) [ †.
You open the door. 2 gnoll sergeants and 3 gnolls come into view.
The gnoll sergeant shouts! x2; The gnoll shouts!
A gnoll bouda comes into view. It is wielding a +0 spear.
You block the gnoll's attack.
Found 15 gold pieces.
The gnoll barely misses you.
You redirect the gnoll's attack!
The gnoll closely misses itself.
There is an open door here.
You scratch the gnoll. You bite the gnoll.
The gnoll is heavily wounded.
The gnoll closely misses you.
You claw the gnoll!
You kill the gnoll!
The gnoll bouda barks out a call to the hunt!
The gnolls pick up the pace!
The gnoll hits you from afar with a +0 spear.
The gnoll completely misses you.
The gnoll sergeant hits you with a +0 glaive!
The gnoll sergeant hits you from afar with a +0 glaive!
* * * LOW HITPOINT WARNING * * *
The gnoll is stunned by your conviction and fails to attack.
Things that are here:
a +0 trident; a +0 scale mail The gnoll sergeant attacks as you move away!
The gnoll sergeant is stunned by your conviction and fails to attack.
The gnoll sergeant hits you from afar with a +0 glaive!
You die...

Skill      XL: |  1  2  3  4  5  6  7  8  9 |
---------------+----------------------------+-----
Dodging        | 3 4 |  4.2
Unarmed Combat | 3 4 5 7 9 10 | 10.2
Shapeshifting  | 4 5 7 8 9 |  9.8
Fighting       | |  2.0

Action                     |  1- 3 |  4- 6 |  7- 9 || total
---------------------------+-------+-------+-------++-------
  Melee: Unarmed           |    85 |   110 |   282 ||   477
         Bite              |     6 |     9 |    32 ||    47
         Punch             |     2 |     1 |    13 ||    16
 Invoke: Sacrifice Stealth |       |       |     1 ||     1
         Sacrifice an Eye  |       |       |     1 ||     1
  Evoke: Wand              |       |     6 |    12 ||    18
    Use: Scroll            |       |       |     9 ||     9
         Potion            |       |       |     3 ||     3
   Stab: Sleeping          |     3 |     2 |       ||     5
         Distracted        |       |       |     1 ||     1
 Armour: Skin              |     9 |    14 |    43 ||    66
  Dodge: Dodged            |    51 |    65 |   243 ||   359
  Block: Other             |     1 |    17 |    62 ||    80
         Reflection        |       |       |     3 ||     3

Levels and vault maps discovered:
D:1:      dpeg_arrival_erosion, layout_basic, st_stairs_1, nrook_uturn
D:2:      layout_basic
D:3:      layout_loops_cross, mainiacjoe_overflow_tiny_flanked,
          shapermc_ecumenical_altar_ellora
D:4:      layout_loops_ring, jmf_multi_god_temple, minmay_pentangle, uniq_edmund
D:5:      nicolae_cairo_tiling_very_big, layout_basic,
          nicolae_uskayaw_dance_hall, minmay_temple_entry_antechambers
D:6:      layout_cave_pools, chequers_serial_rivers_large_b, uniq_sigmund
D:7:      layout_basic, uniq_pikel
D:8:      layout_cave_pools, enter_bailey_7, serial_gnoll_camp,
          gnoll_camp_huts_moat, gnoll_camp_mini_house, gnoll_camp_medium_02,
          gnoll_camp_mini_shop
Bailey:   bailey_polearm_gnolls_kennysheep, bailey

Notes
Turn   | Place    | Note
-------+----------+-------------------------------------------
     0 | D:1      | AIAndy the Felid Shapeshifter began the quest for the Orb.
     0 | D:1      | Reached XP level 1. HP: 9/9 MP: 2/2
    81 | D:1      | Reached XP level 2. HP: 13/13 MP: 3/3
   564 | D:1      | Reached XP level 3. HP: 16/16 MP: 4/4
   845 | D:2      | Reached skill level 3 in Dodging
  1039 | D:2      | Reached skill level 3 in Unarmed Combat
  1674 | D:3      | Reached skill level 4 in Shapeshifting
  1674 | D:3      | Reached XP level 4. HP: 19/19 MP: 5/5
  1829 | D:3      | Found a faded altar of an unknown god.
  1873 | D:3      | Found a stormy altar of Qazlal.
  2573 | D:4      | Reached skill level 4 in Dodging
  2652 | D:4      | Found an iron altar of Okawaru.
  2662 | D:4      | Reached XP level 5. HP: 19/22 MP: 6/6
  2677 | D:4      | Found a sacrificial altar of Ru.
  2780 | D:4      | Noticed Edmund
  2781 | D:4      | Reached skill level 4 in Unarmed Combat
  2832 | D:4      | Killed Edmund
  2833 | D:4      | Reached skill level 5 in Shapeshifting
  2833 | D:4      | Gained mutation: You are covered in thick fur. (AC +2)
                  | [Felid growth]
  2833 | D:4      | Reached XP level 6. HP: 16/26 MP: 7/7
  3178 | D:4      | Noticed a water moccasin
  3195 | D:4      | HP: 2/26 [poisoned by a water moccasin]
  3196 | D:4      | Killed a water moccasin
  3197 | D:4      | Reached skill level 5 in Unarmed Combat
  3197 | D:4      | Reached XP level 7. HP: 3/30 MP: 8/8
  3403 | D:4      | Became a worshipper of Ru the Awakened
  3446 | D:5      | Entered Level 5 of the Dungeon
  3721 | D:5      | Found a staircase to the Ecumenical Temple.
  3775 | D:5      | Reached skill level 6 in Shapeshifting
  3955 | D:5      | Reached skill level 6 in Unarmed Combat
  3980 | D:5      | Found a hide-covered altar of Uskayaw.
  4203 | D:6      | Noticed a steam dragon
  4213 | D:6      | Killed from afar by a steam dragon
  4214 | D:6      | Reached XP level 6. HP: -2/26 MP: 7/7
  4232 | D:6      | Killed a steam dragon
  4233 | D:6      | Reached XP level 7. HP: 6/30 MP: 8/8
  4385 | D:6      | Noticed Sigmund
  4434 | D:6      | Killed Sigmund
  4435 | D:6      | Reached skill level 7 in Unarmed Combat
  4435 | D:6      | Reached skill level 7 in Shapeshifting
  4481 | D:6      | Reached XP level 8. HP: 29/33 MP: 9/9
  4515 | D:6      | Gained mutation: You are missing an eye, making it more
                  | difficult to aim. [Ru sacrifice]
  4515 | D:6      | Reached * piety under Ru
  4710 | D:6      | Reached skill level 8 in Unarmed Combat
  5087 | D:7      | Reached skill level 8 in Shapeshifting
  5241 | D:7      | Identified the +2 leather armour of Egalitarianism {Str+2}
  5424 | D:7      | Noticed Pikel
  5462 | D:7      | Killed Pikel
  5463 | D:7      | Reached skill level 9 in Unarmed Combat
  5463 | D:7      | Reached XP level 9. HP: 19/36 MP: 10/10
  5987 | D:7      | Reached skill level 9 in Shapeshifting
  6223 | D:7      | Reached skill level 10 in Unarmed Combat
  6437 | D:8      | Found Jynupigg's Antique Weapon Shop.
  6453 | D:8      | Found a flagged portal.
  6466 | Bailey   | Entered a bailey
  6484 | Bailey   | HP: 1/36 [gnoll/+0 trident (5)]
  6485 | Bailey   | Gained mutation: Your magical capacity is low. (-10% MP)
                  | [potion of mutation]
  6485 | Bailey   | Gained mutation: Your spells are a little easier to cast,
                  | but a little less powerful. [potion of mutation]
  6485 | Bailey   | Gained mutation: You are dopey. (Int -2) [potion of
                  | mutation]
  6485 | Bailey   | Slain by a gnoll
  6486 | Bailey   | Reached XP level 8. HP: -5/33 MP: 8/8
  6486 | Bailey   | Lost mutation: Your spells are a little easier to cast, but
                  | a little less powerful. [potion of mutation]
  6486 | Bailey   | Lost mutation: You are dopey. (Int -2) [potion of mutation]
  6486 | Bailey   | Gained mutation: Your magical capacity is very low. (-20%
                  | MP) [potion of mutation]
  6514 | Bailey   | Gained mutation: You cannot be stealthy. [Ru sacrifice]
  6527 | Bailey   | Mangled by a gnoll sergeant

Vanquished Creatures
  Pikel (D:7)
  Sigmund (D:6)
  A steam dragon (D:6)
  A wyvern (D:7)
  Edmund (D:4)
  2 water moccasins
  2 ice beasts (D:6)
  2 centaurs
  A wolf (D:7)
  3 lemures (D:7)
  A kobold brigand (D:5)
  A phantom (D:5)
  5 bullfrogs
  A scorpion (D:5)
  11 wights
  5 howler monkeys
  An orc priest (D:7)
  4 hounds
  2 jellies
  2 sleepcaps
  A gnoll bouda (D:6)
  4 iguanas
  4 orc wizards
  6 adders
  20 gnolls
  2 shadow imps (D:7)
  2 white imps
  2 ufetubi (D:6)
  A worm (D:2)
  4 dart slugs
  12 orcs
  9 endoplasms
  2 giant cockroaches
  11 goblins
  12 hobgoblins
  A jackal (D:7)
  3 quokkas (D:1)
  3 ball pythons
  6 bats
  2 frilled lizards
  11 kobolds
  5 rats
171 creatures vanquished.

Vanquished Creatures (others)
  A bullfrog (D:7)
1 creature vanquished.

Grand Total: 172 creatures vanquished

Table legend: (Time is in decaauts)
 A = Elapsed time spent in this place.
 B = Non-inter-level travel time spent in this place.
 C = Inter-level travel time spent in this place.
 D = Time resting spent in this place.
 E = Time spent auto-exploring this place.
 F = Levels seen in this place.
 G = Mean time per level.
                   A        B        C        D        E       F      G
               +--------+--------+--------+--------+--------+-----+--------+
         Total |   5613 |   5376 |    237 |    566 |   3676 |   9 |  623.7 |
       Dungeon |   5560 |   5323 |    237 |    566 |   3655 |   8 |  695.0 |
        Bailey |     53 |     53 |      0 |      0 |     21 |   1 |   53.0 |
               +--------+--------+--------+--------+--------+-----+--------+

Top non-repeatable levels by time:
     D:7: 1151 daAuts
     D:4: 992 daAuts
     D:6: 709 daAuts
     D:1: 708 daAuts
     D:5: 692 daAuts
     D:2: 599 daAuts
     D:3: 587 daAuts
     D:8: 117 daAuts
  Bailey: 53 daAuts

Table legend:
 A = Non-vault XP
 B = Vault XP
 C = Vault XP percentage of total XP
 D = Non-vault monster count
 E = Vault monster count
 F = Vault count percentage of total count
                 A         B        C        D         E       F
            +---------+---------+-------+---------+---------+-------
      Total |    3863 |    1629 |  29.7 |     136 |      33 |  19.5
            +---------+---------+-------+---------+---------+-------
        D:1 |      44 |       1 |   2.2 |      23 |       1 |   4.2
        D:2 |      37 |       0 |   0.0 |      14 |       0 |   0.0
        D:3 |      43 |       0 |   0.0 |      10 |       0 |   0.0
        D:4 |     251 |     368 |  59.5 |      21 |      12 |  36.4
        D:5 |     463 |       0 |   0.0 |      16 |       0 |   0.0
        D:6 |    1042 |     239 |  18.7 |      17 |       1 |   5.6
        D:7 |    1454 |     773 |  34.7 |      28 |       4 |  12.5
        D:8 |     529 |     120 |  18.5 |       7 |      10 |  58.8
     Bailey |       0 |     128 | 100.0 |       0 |       5 | 100.0
            +---------+---------+-------+---------+---------+-------
